 Dungeon Crawl Stone Soup version 0.27-a0-1136-g0b992a5a9d (webtiles) character file.

Game seed: 2714916636695096161

1621 wakim the Sneak (level 8, -3/42 HPs)
             Began as a Vine Stalker Fighter on May 4, 2021.
             Killed from afar by Pikel (15 damage)
             ... with an iceblast
             ... on level 7 of the Dungeon.
             The game lasted 00:14:21 (6774 turns).

wakim the Sneak (Vine Stalker Fighter)              Turns: 6774, Time: 00:14:21

Health: -3/42      AC:  9    Str: 23    XL:     8   Next: 96%
Magic:  0/9        EV: 24    Int:  8    God:
Gold:   362        SH: 11    Dex: 16    Spells: 7/7 levels left

rFire    . . .     SeeInvis .   a - +0 rapier
rCold    . . .     Faith    .   c - +0 kite shield
rNeg     . . .     Spirit   +   b - +0 scale mail
rPois    .         Reflect  .   e - +1 helmet
rElec    .         Harm     .   (no cloak)
rCorr    .         Rampage  .   (no gloves)
Will     +....                  (no boots)
Stlth    ++........             h - amulet "Inaiskia" {Acrobat Str+4}
HPRegen  1.14/turn              j - ring of flight
MPRegen  0.11/turn              (no ring)

@: acrobatic, flying
A: fangs 3, regeneration 1, magic shield, antimagic bite, no potion heal 2
a: no special abilities


You were on level 7 of the Dungeon.
You visited 2 branches of the dungeon, and saw 8 of its levels.
You also visited: Ossuary.

You collected 362 gold pieces.

Inventory:

Hand Weapons
 a - a +0 rapier (weapon)
Missiles
 f - 3 atropa-tipped darts
 k - 28 poisoned darts (quivered)
Armour
 b - a +0 scale mail (worn)
 c - a +0 kite shield (worn)
 e - a +1 helmet (worn)
Jewellery
 h - the amulet "Inaiskia" (around neck) {Acrobat Str+4}
   (You acquired it on level 3 of the Dungeon)

   [amulet of the acrobat]

   It increases your evasion while moving and waiting.
   It affects your strength (+4).
 j - a ring of flight (left hand)
Wands
 v - a wand of flame (1)
 y - a wand of paralysis (9)
Scrolls
 g - 2 scrolls of enchant armour
 r - a scroll of identify
 Q - 4 scrolls of immolation {!r!r}
 T - a scroll of teleportation
 Y - 2 scrolls of blinking {!r}
 Z - 3 scrolls of silence {!r}
Potions
 d - a potion of lignification {unknown}
 i - a potion of ambrosia {unknown}
 B - 4 potions of attraction {!q}
 F - 3 potions of curing
 H - 2 potions of haste
 N - 2 potions of might


   Skills:
 + Level 4.3 Fighting
 * Level 5.1 Short Blades
 + Level 3.8 Armour
 + Level 1.9 Dodging
 * Level 7.0 Stealth
 * Level 5.4 Shields


You had 7 spell levels left.
You didn't know any spells.
Your spell library contained the following spells:

 Spells                   Type           Power      Damage    Failure   Level
 Animate Skeleton         Necr           0%         N/A       98%         1
 Apportation              Tloc           0%         N/A       98%         1
 Corona                   Hex            0%         N/A       98%         1
 Pain                     Necr           0%         1d4       98%         1
 Sandblast                Erth           0%         2d4       98%         1
 Shock                    Conj/Air       0%         1d3       98%         1
 Summon Small Mammal      Summ           0%         N/A       98%         1
 Passwall                 Tmut/Erth      0%         N/A       99%         2
 Ignite Poison            Fire/Tmut/Pois 0%         N/A       100%        3
 Stone Arrow              Conj/Erth      0%         3d7       100%        3
 Vampiric Draining        Necr           0%         2d6       100%        3
 Animate Dead             Necr           0%         N/A       100%        4
 Petrify                  Tmut/Erth      0%         N/A       100%        4
 Agony                    Necr           0%         N/A       100%        5
 Lee's Rapid Deconstruct  Erth           0%         3d5*      100%        5
 Lightning Bolt           Conj/Air       0%         1d11      100%        5
 Silence                  Hex/Air        0%         N/A       100%        5
 Freezing Cloud           Conj/Ice/Air   0%         6-21      100%        6


Dungeon Overview and Level Annotations

Branches:
Dungeon (7/15)             Temple (1/1) D:6         Ossuary (visited)

Altars:
Cheibriados
Elyvilon
Fedhas
Kikubaaqudgha
Nemelex Xobeh
Okawaru
Ru
Sif Muna
Trog
Xom
Zin
The Shining One

Shops:
D:3 (

Annotations:
D:3 exclusion: oklob plant
D:7 Pikel


Innate Abilities, Weirdness & Mutations

You have razor-sharp teeth.
Your natural rate of healing is unusually fast.
When hurt, damage is shared between your health and your magic reserves.
Your bite disrupts and absorbs the magic of your enemies.
Potions cannot restore your health.


Message History

Press: ? - help, Q - select action, (/) - cycle Shift-Dir - straight line, f - Pikel
Aim: Pikel, wielding a +0 whip of electrocution, wearing a +0 robe and carrying a wand of iceblast (9) (55% to hit)
Okay, then.
Your scale mail prevents you from hitting the lemure.
Your bite misses the lemure. You block the lemure's attack.
You hit the lemure. You bite the lemure! You drain its power.
The lemure is heavily wounded.
You block the lemure's attack.
You puncture the lemure! You bite the lemure, but do no damage.
The lemure is severely wounded.
You block the lemure's attack. The lemure closely misses you.
You hit the lemure but do no damage. You bite the lemure, but do no damage.
The lemure is severely wounded.
You hit Pikel.
Pikel is lightly wounded.
You hit Pikel. You bite Pikel. You drain his power.
Pikel is moderately wounded.
Pikel barely misses you.
You hit Pikel. You bite Pikel, but do no damage.
Pikel is moderately wounded.
Pikel hits you with a +0 whip of electrocution!
You closely miss Pikel.
Pikel is moderately wounded.
Pikel cracks his whip.
You block Pikel's attack.
You closely miss Pikel. You bite Pikel, but do no damage.
Pikel is moderately wounded.
Pikel closely misses you.
You hit Pikel but do no damage. You bite Pikel, but do no damage.
Pikel is moderately wounded.
Pikel hits you but does no damage.
You are electrocuted!
You barely miss Pikel.
Pikel is moderately wounded.
Pikel hits you with a +0 whip of electrocution!
You are electrocuted!
* * * LOW HITPOINT WARNING * * *
Pikel zaps a wand.
The mass of ice explodes!
The iceblast engulfs you!!
You die...

####.#### #.#...#
###### #.#.#.#
#....###.....#
######.##.........#
#.......#..#....###
#.##.#...........#
#.##.#.###.#.#####
#5K.@..# ###.#
#5###### ###
#.########
##......... .5#
#.........|
..K..###K.........
....5..5..........
.5......##........
....######........


You could see Pikel and 2 lemures.

Vanquished Creatures
  Sigmund (D:3)
  Edmund (D:5)
  An ogre (D:4)
  A wyvern zombie (D:6)
  2 water moccasin zombies
  2 scorpions
  2 water moccasin skeletons
  A wyvern skeleton (D:6)
  3 killer bees (D:5)
  2 bullfrog zombies
  A hound (D:4)
  An orc priest (D:6)
  4 jellies
  Terence (D:3)
  An iguana (D:5)
  Natasha (thrice) (D:3)
  2 hound zombies (Ossuary)
  A hound skeleton (D:5)
  3 mummies (Ossuary)
  10 adders
  2 white imps (D:6)
  An ufetubus (D:5)
  3 adder zombies (Ossuary)
  A worm (D:4)
  4 orcs
  2 ball pythons
  13 bats
  10 endoplasms
  5 giant cockroaches
  4 gnoll zombies (Ossuary)
  6 goblins
  10 hobgoblins
  11 jackals
  8 quokkas
  4 frilled lizards
  3 goblin zombies (Ossuary)
  4 hobgoblin zombies (Ossuary)
  3 jackal zombies (Ossuary)
  10 kobolds
  6 kobold zombies (Ossuary)
  2 orc zombies (Ossuary)
  4 quokka zombies (Ossuary)
  7 rats
  4 rat zombies (Ossuary)
170 creatures vanquished.

Vanquished Creatures (others)
  A human (D:4)
  14 fungi (D:3)
  36 plants (D:3)
51 creatures vanquished.

Grand Total: 221 creatures vanquished

Notes
Turn   | Place    | Note
-------+----------+-------------------------------------------
     0 | D:1      | wakim the Vine Stalker Fighter began the quest for the Orb.
     0 | D:1      | Reached XP level 1. HP: 11/11 MP: 2/2
   124 | D:1      | Reached skill level 1 in Stealth
   124 | D:1      | Reached XP level 2. HP: 10/16 MP: 3/3
   497 | D:1      | Found a faded altar of an unknown god.
   507 | D:1      | Reached XP level 3. HP: 18/19 MP: 4/4
   822 | D:1      | Reached skill level 2 in Stealth
  1456 | D:2      | Gained mutation: Your natural rate of healing is unusually
                  | fast. [Vine Stalker growth]
  1456 | D:2      | Reached XP level 4. HP: 23/23 MP: 5/5
  1866 | D:2      | Identified Orugicy's Almanac of Gliding Envenoming
  2061 | D:3      | Noticed Natasha
  2067 | D:3      | Killed Natasha
  2068 | D:3      | Reached skill level 3 in Stealth
  2068 | D:3      | Reached XP level 5. HP: 27/28 MP: 6/6
  2142 | D:3      | Found Hadd's Antique Weapon Shoppe.
  2280 | D:3      | Noticed Terence
  2320 | D:3      | Killed Terence
  2468 | D:3      | Found an iron altar of Okawaru.
  2539 | D:3      | Noticed Sigmund
  2577 | D:3      | Identified a scroll of acquirement
  2577 | D:3      | Acquired the amulet "Inaiskia" {Acrobat Str+4}
  2603 | D:3      | Found a blossoming altar of Fedhas.
  2608 | D:3      | Noticed Natasha
  2639 | D:3      | Killed Natasha
  2655 | D:3      | Noticed an oklob plant
  3133 | D:3      | Killed Sigmund
  3134 | D:3      | Reached skill level 4 in Stealth
  3134 | D:3      | Reached XP level 6. HP: 22/32 MP: 3/7
  3391 | D:3      | Noticed Natasha
  3397 | D:3      | Killed Natasha
  3520 | D:4      | Reached XP level 7. HP: 30/36 MP: 5/8
  3931 | D:4      | Reached skill level 5 in Stealth
  4533 | D:4      | Found an ancient bone altar of Kikubaaqudgha.
  4534 | D:4      | Noticed a human
  4536 | D:4      | Killed a human
  4571 | D:5      | Entered Level 5 of the Dungeon
  4851 | D:5      | Gained mutation: You have razor-sharp teeth. [Vine Stalker
                  | growth]
  4851 | D:5      | Reached XP level 8. HP: 42/42 MP: 9/9
  4863 | D:5      | Noticed Edmund
  4879 | D:5      | Killed Edmund
  4880 | D:5      | Reached skill level 1 in Dodging
  4972 | D:5      | Reached skill level 6 in Stealth
  5078 | D:5      | Reached skill level 5 in Shields
  5533 | D:6      | Reached skill level 5 in Short Blades
  5570 | D:6      | Found a sand-covered staircase.
  5580 | Ossuary  | Entered an ossuary
  5946 | D:6      | Found a staircase to the Ecumenical Temple.
  5953 | D:6      | Reached skill level 7 in Stealth
  5956 | Temple   | Entered the Ecumenical Temple
  6752 | D:7      | Noticed Pikel
  6774 | D:7      | Killed from afar by Pikel

Illustrated notes

Levels and vault maps discovered:
D:1:      dpeg_arrival_prison, layout_rooms, basic_ecumenical_altar,
          serial_glass, glass_columns_b, glass_columns_b, minmay_misc_feat_tiny
D:2:      layout_rooms, corexii_item_surrounded_by_moat, minmay_puff
D:3:      layout_rooms, marbit_many_paths, tgw_fedhas, serial_shops,
          nicolae_shop_overgrown_old_shop, interstate_on_off, uniq_natasha,
          uniq_sigmund, uniq_terence
D:4:      layout_basic, tgw_kikubaaqudgha, minmay_misc_feat_square
D:5:      layout_rooms, kennysheep_donut, minmay_misc_feat_rows, uniq_edmund
D:6:      layout_basic, minmay_temple_entry_proselytizer,
          nicolae_ossuary_entry_ruins
D:7:      layout_basic, grunt_temple_overflow_lords_of_destruction,
          nzn_wu_jian_council_hall, jmf_multi_god_temple, nrook_mini_backslash,
          grunt_livestock, uniq_pikel, uniq_maggie
Temple:   compressed_dpeg_triangle_lava_temple

Skill      XL: |  1  2  3  4  5  6  7  8 |
---------------+-------------------------+-----
Stealth        | 1 2 3 4 5 7 |  7.0
Short Blades   | 2 3 4 5 |  5.1
Shields        | 3 4 5 |  5.4
Fighting       | 3 4 |  4.3
Armour         | 3 |  3.8
Dodging        | 1 |  1.9

Action                   |  1- 3 |  4- 6 |  7- 9 || total
-------------------------+-------+-------+-------++-------
Melee: Rapier            |   108 |   142 |   311 ||   561
       Bite              |    23 |    48 |   114 ||   185
Throw: Dart              |       |    18 |    14 ||    32
Evoke: Wand              |       |     2 |       ||     2
  Use: Scroll            |       |    10 |     3 ||    13
       Potion            |       |       |     1 ||     1
 Stab: Invisible         |       |     1 |       ||     1
       Sleeping          |       |       |     6 ||     6
Armor: Scale mail        |    63 |    45 |   127 ||   235
Dodge: Dodged            |    30 |    54 |   104 ||   188
Block: Kite shield       |    65 |    66 |   174 ||   305

Table legend: (Time is in decaauts)
 A = Elapsed time spent in this place.
 B = Non-inter-level travel time spent in this place.
 C = Inter-level travel time spent in this place.
 D = Time resting spent in this place.
 E = Time spent auto-exploring this place.
 F = Levels seen in this place.
 G = Mean time per level.
                   A        B        C        D        E       F      G
               +--------+--------+--------+--------+--------+-----+--------+
         Total |   6926 |   6523 |    403 |    225 |   4643 |   9 |  769.6 |
       Dungeon |   6276 |   5888 |    388 |    225 |   4187 |   7 |  896.6 |
        Temple |    306 |    291 |     15 |      0 |    290 |   1 |  306.0 |
       Ossuary |    342 |    342 |      0 |      0 |    166 |   1 |  342.0 |
               +--------+--------+--------+--------+--------+-----+--------+

Top non-repeatable levels by time:
     D:1: 1316 daAuts
     D:3: 1185 daAuts
     D:4: 1120 daAuts
     D:2: 1053 daAuts
     D:5: 825 daAuts
     D:6: 715 daAuts
 Ossuary: 342 daAuts
  Temple: 306 daAuts
     D:7: 60 daAuts
